 Dungeon Crawl Stone Soup version 0.29-a0-284-gf9362112df (webtiles) character file.

Game seed: 7571642795609715624

25 yunder69 the Cudgeller (level 3, -2/52 HPs)
             Began as a Gnoll Berserker on Mar 23, 2022.
             Was a Follower of Trog.
             Slain by a kobold
             ... wielding a +0 whip
              (4 damage)
             ... on level 1 of the Dungeon.
             The game lasted 00:00:53 (254 turns).

yunder69 the Cudgeller (Gnoll Berserker)             Turns: 254, Time: 00:00:54

Health: -2/52      AC:  2    Str: 18    XL:     3   Next: 4%
Magic:  3/3        EV: 13    Int:  6    God:    Trog [*.....]
Gold:   16         SH:  0    Dex: 11    Spells: 3/3 levels left

rFire   . . .      SeeInvis .   a - +0 mace
rCold   . . .      Faith    .   (no shield)
rNeg    . . .      Spirit   .   b - +0 animal skin
rPois   .          Reflect  .   (no helmet)
rElec   .          Harm     .   (no cloak)
rCorr   .          Rampage  .   (no gloves)
Will    .....                   (no boots)
Stlth   ..........              (no amulet)
HPRegen 0.17/turn               (no ring)
MPRegen 0.08/turn               (no ring)

@: berserking, very quick
A: fangs 1, strong nose, distributed training
a: Renounce Religion, Berserk


You were on level 1 of the Dungeon.
You worshipped Trog.
Trog was aware of your devotion.
You visited 1 branch of the dungeon, and saw 1 of its levels.

You collected 16 gold pieces.

Inventory:

Hand Weapons
 a - a +0 mace (weapon)
Armour
 b - a +0 animal skin (worn)
Scrolls
 e - a scroll of vulnerability {unknown}
 f - a scroll of noise {unknown}
 g - a scroll of enchant armour {unknown}
Potions
 c - a potion of heal wounds {unknown}
 d - a potion of curing {unknown}


   Skills:
 + Level 6.5 Fighting
 + Level 0.5 Short Blades
 + Level 0.5 Long Blades
 + Level 0.5 Axes
 + Level 6.5 Maces & Flails
 + Level 0.5 Polearms
 + Level 0.5 Staves
 + Level 0.5 Slings
 + Level 0.5 Bows
 + Level 0.5 Crossbows
 + Level 0.5 Throwing
 + Level 4.5 Armour
 + Level 4.5 Dodging
 + Level 0.5 Stealth
 + Level 0.5 Shields
 + Level 0.5 Unarmed Combat
 + Level 0.5 Spellcasting
 + Level 0.4 Conjurations
 + Level 0.4 Hexes
 + Level 0.4 Summonings
 + Level 0.4 Necromancy
 + Level 0.4 Translocations
 + Level 0.4 Transmutations
 + Level 0.4 Fire Magic
 + Level 0.4 Ice Magic
 + Level 0.4 Air Magic
 + Level 0.4 Earth Magic
 + Level 0.4 Poison Magic
 + Level 0.7 Invocations
 + Level 0.5 Evocations


You had 3 spell levels left.
You didn't know any spells.
Your spell library was empty.

Dungeon Overview and Level Annotations

Branches:
Dungeon (1/15)

Altars:


Innate Abilities, Weirdness & Mutations

You have very sharp teeth.
Your uncanny sense of smell can sniff out nearby items.
Your experience applies equally to all skills.


Message History

The gnoll hits you with a +0 club.
* * * LOW HITPOINT WARNING * * *
The kobold hits you with a +0 whip.
* * * LOW HITPOINT WARNING * * *
The goblin barely misses you.
You are too injured to fight recklessly!
You are too injured to fight recklessly!
You are too berserk!
You barely miss the gnoll.
The gnoll is heavily wounded.
You bludgeon the gnoll!!
You kill the gnoll!
Trog accepts your kill. The goblin barely misses you.
The kobold hits you with a +0 whip.
* * * LOW HITPOINT WARNING * * *
A hobgoblin comes into view.
You have reached level 3!
Your experience leads to an increase in your attributes!
Increase (S)trength, (I)ntelligence, or (D)exterity?
You feel stronger. x2
You closely miss the goblin. The goblin barely misses you.
The kobold barely misses you.
You sock the goblin!
You kill the goblin!
Trog accepts your kill.
You closely miss the hobgoblin. The kobold hits you but does no damage.
The hobgoblin closely misses you.
You barely miss the hobgoblin. The hobgoblin barely misses you.
The kobold hits you with a +0 whip.
* * * LOW HITPOINT WARNING * * *
You barely miss the hobgoblin. Your bite misses the hobgoblin.
You barely miss the hobgoblin. The kobold misses you.
The hobgoblin barely misses you. The hobgoblin hits you.
* * * LOW HITPOINT WARNING * * *
Okay, then.
You thump the hobgoblin!
You kill the hobgoblin!
Trog accepts your kill. The kobold hits you with a +0 whip.
You die...

..........#
#.........######
[...#.......#..#
....#.......#..#
.##.....>...#..# ∆
.####..........##
..............$.#
..>.............###
................@)#
...........(....gK......
#####.####.....##..(....
#. #....## $.#.... #.
#..#.# #...... #. #..###
##.... #.. .# . #


You could see a hobgoblin and a kobold.

Vanquished Creatures
  A gnoll (D:1)
  A dart slug (D:1)
  4 endoplasms (D:1)
  2 goblins (D:1)
  A hobgoblin (D:1)
  A kobold (D:1)
  A quokka (D:1)
  A ball python (D:1)
  A rat (D:1)
13 creatures vanquished.

Notes
Turn   | Place    | Note
-------+----------+-------------------------------------------
     0 | D:1      | yunder69 the Gnoll Berserker began the quest for the Orb.
     0 | D:1      | Reached XP level 1. HP: 23/23 MP: 1/1
    62 | D:1      | Reached XP level 2. HP: 26/29 MP: 2/2
   248 | D:1      | Reached XP level 3. HP: 7/35 MP: 3/3
   253 | D:1      | HP: 2/52 [hobgoblin (3)]
   254 | D:1      | Slain by a kobold

Illustrated notes

Levels and vault maps discovered:
D:1:      scummos_arrival_hexagon, layout_rooms, roderic_roman_lattice,
          dreamdust_princess_corridor

Action                   || total
-------------------------++-------
Melee: Mace              ||    32
       Bite              ||     4
Invok: Berserk           ||     1
 Stab: Sleeping          ||     1
Armor: Animal skin       ||     3
Dodge: Dodged            ||    26

Table legend: (Time is in decaauts)
 A = Elapsed time spent in this place.
 B = Non-inter-level travel time spent in this place.
 C = Inter-level travel time spent in this place.
 D = Time resting spent in this place.
 E = Time spent auto-exploring this place.
 F = Levels seen in this place.
 G = Mean time per level.
                   A        B        C        D        E       F      G
               +--------+--------+--------+--------+--------+-----+--------+
         Total |    253 |    253 |      0 |      0 |    184 |   1 |  253.0 |
       Dungeon |    253 |    253 |      0 |      0 |    184 |   1 |  253.0 |
               +--------+--------+--------+--------+--------+-----+--------+

Top non-repeatable levels by time:
     D:1: 253 daAuts
